 Dungeon Crawl Stone Soup version 0.23.2-1-ga50397a (webtiles) character file.

Game seed: 15077614203975279233

66 Leeroy the Conjurer (level 3, 0/26 HPs)
             Began as a Draconian Conjurer on Apr 16, 2019.
             Killed from afar by an orc wizard (6 damage)
             ... with a puff of flame
             ... on level 2 of the Dungeon.
             The game lasted 00:04:59 (1784 turns).

Leeroy the Conjurer (Draconian Conjurer)            Turns: 1784, Time: 00:04:59

Health: 0/26       AC:  5    Str: 10    XL:     3   Next: 96%
Magic:  2/6        EV: 12    Int: 16    God:
Gold:   157        SH:  0    Dex: 11    Spells: 0/6 levels left

rFire    . . .     SeeInvis .   h - +2 short sword (vamp)
rCold    . . .     Gourm    .   (no shield)
rNeg     . . .     Faith    .   (armour unavailable)
rPois    .         Spirit   .   (helmet restricted)
rElec    .         Reflect  .   (no cloak)
rCorr    .         Harm     .   (no gloves)
MR       .....                  (no boots)
Stlth    ++........             (no amulet)
HPRegen  0.08/turn              (no ring)
MPRegen  0.10/turn              (no ring)

@: no status effects
A: unfitting armour, cold-blooded, AC +5
a: no special abilities


You were on level 2 of the Dungeon.
You were hungry.

You visited 1 branch of the dungeon, and saw 3 of its levels.

You collected 157 gold pieces.

Inventory:

Hand Weapons
 g - a +0 dagger
 h - a +2 vampiric short sword (weapon)
 o - a cursed -2 dagger
 p - a +0 spear of piercing
 r - a +2 dagger of venom
Missiles
 c - 31 poisoned needles
 f - 35 arrows
Scrolls
 a - 8 scrolls of remove curse {unknown}
 d - a scroll of teleportation {unknown}
 m - 2 scrolls of identify {unknown}
 n - a scroll of enchant weapon {unknown}
Potions
 e - a potion of degeneration {unknown}
 i - a potion of brilliance {unknown}
 k - a potion of curing
 l - a potion of cancellation {unknown}
 q - a potion of heal wounds {unknown}
Comestibles
 b - 5 rations
 j - 4 chunks of flesh


   Skills:
 - Level 1.7 Dodging
 - Level 1.7 Stealth
 - Level 2.0 Spellcasting
 + Level 5.6 Conjurations


You couldn't memorise any spells.
You knew the following spells:

 Your Spells              Type           Power        Failure   Level  Hunger
a - Magic Dart            Conj           ###.         1%          1    #......
b - Searing Ray           Conj           ###...       3%          2    ###....
c - Dazzling Spray        Conj/Hex       ##....       21%         3    ###....

Your spell library contained the following spells:

 Spells                   Type           Power        Failure   Level  Hunger
 Iskenderun's Mystic Bla  Conj           ###.....     21%         4    #####..
 Force Lance              Conj/Tloc      ##......     54%         4    #####..
 Fulminant Prism          Conj/Hex       ##........   54%         4    #####..


Dungeon Overview and Level Annotations

Branches:
Dungeon (3/15)

Altars:


Innate Abilities, Weirdness & Mutations

Your plain brown scales are hard. (AC +5)
You cannot fit into any form of body armour.
You are cold-blooded and may be slowed by cold attacks.


Message History

Casting: Dazzling Spray (safe; 21% risk of failure)
Confirm with . or Enter, or press ? or * to list all spells.
Aiming: Dazzling Spray (safe; 21% risk of failure)
Press: ? - help, Shift-Dir - straight line, f - orc wizard
Aim: an orc wizard, wielding a +2 dagger of speed and wearing a +0 robe The spray of energy hits the orc wizard!
The orc wizard is heavily wounded.
You hit the orc wizard.
You feel better.
The orc wizard is almost dead.
The orc wizard begins to cast a cantrip, but forgets the words!
You closely miss the orc wizard.
The orc wizard is almost dead.
The orc wizard casts a spell.
The orc wizard flickers and vanishes!
Deactivating autopickup; reactivate with Ctrl-A.
You miss something.
You hear some strange, mumbled words.
A puff of flame appears from out of thin air!
The puff of flame hits you.
You die...

##.#.#.### #...# ##.#.#.'.#######
#...### #รท##'###.##....# #...+.#
'##...##......## #...#.#
###.#..##.....#### #...#.#
#...##.##........# #...#.#
#'#....#...)..##[### ###.#.#
..######...>..'{...# #.#.# ###
####(.....##@#.# #.#..
#.........##.#.##########.#..
#............................
####.....######.##.##.##.#####..
##.....)..+......##..#.##.# #..
......>...##########.#.##.# #..
..........'............##.#####..
..........##########..###)#...#.#
##+#####'## #########.# #.#...#.#


There were no monsters in sight!

Vanquished Creatures
  2 adders (D:2)
  2 worms (D:2)
  A dart slug (D:1)
  3 leopard geckos (D:2)
  An orc (D:2)
  5 bats
  A giant cockroach (D:1)
  A goblin (D:2)
  4 hobgoblins
  A quokka (D:2)
  5 frilled lizards
  8 kobolds
  6 rats
40 creatures vanquished.

Notes
Turn   | Place    | Note
-------+----------+-------------------------------------------
     0 | D:1      | Leeroy the Draconian Conjurer began the quest for the Orb.
     0 | D:1      | Reached XP level 1. HP: 14/14 MP: 3/3
   198 | D:1      | Reached XP level 2. HP: 18/20 MP: 5/5
  1092 | D:2      | Reached skill level 5 in Conjurations
  1092 | D:2      | Reached XP level 3. HP: 12/26 MP: 6/6
  1096 | D:2      | Learned a level 2 spell: Searing Ray
  1100 | D:2      | Learned a level 3 spell: Dazzling Spray
  1784 | D:2      | Killed from afar by an orc wizard

Skill      XL: |  1  2 |
---------------+-------+-----
Conjurations   | 5 |  5.6
Dodging        | |  1.7
Stealth        | |  1.7
Spellcasting   | |  2.0

Action                   || total
-------------------------++-------
Melee: Unarmed           ||    35
       Tailslap          ||    12
       Short sword       ||   100
       Dagger            ||    35
 Cast: Magic Dart        ||    10
       Dazzling Spray    ||     2
       Searing Ray       ||     2
  Use: Potion            ||     1
 Stab: Sleeping          ||     3
  Eat: Chunk             ||     4
       Ration            ||     1
Armor: Skin              ||    46
Dodge: Dodged            ||   120
